 Dungeon Crawl Stone Soup version 0.26.0-45-g9c1d065592 (webtiles) character file.

Game seed: 14630936586243216540

49 sahdkjhfkaj the Chucker (level 3, 27/27 HPs)
             Began as a Vampire Hunter on Jan 27, 2021.
             Quit the game on level 2 of the Dungeon.
             The game lasted 00:02:58 (876 turns).

sahdkjhfkaj the Chucker (Vampire Hunter)             Turns: 876, Time: 00:02:59

Health: 27/27      AC:  5    Str: 12    XL:     3   Next: 53%
Magic:  3/3        EV: 12    Int: 13    God:
Gold:   103        SH:  0    Dex: 14    Spells: 2/2 levels left

rFire    . . .     SeeInvis +   a - +2 short sword (venom)
rCold    . . .     Faith    .   (no shield)
rNeg     . . .     Spirit   .   b - +0 leather armour
rPois    .         Reflect  .   f - +0 helmet
rElec    .         Harm     .   (no cloak)
rCorr    .         Rampage  .   (no gloves)
Will     .....                  k - +0 pair of boots
Stlth    ++........             (no amulet)
HPRegen  0.29/turn              (no ring)
MPRegen  0.08/turn              (no ring)

@: regenerating quickly
A: fangs 3, see invisible, unbreathing
a: Exsanguinate


You were on level 2 of the Dungeon.
You visited 1 branch of the dungeon, and saw 2 of its levels.

You collected 103 gold pieces.

Inventory:

Hand Weapons
 a - a +2 short sword of venom (weapon)
Missiles
 c - 6 javelins (quivered)
 d - a throwing net {!f}
Armour
 b - a +0 leather armour (worn)
 f - a +0 helmet (worn)
 k - a +0 pair of boots (worn)
Jewellery
 i - an uncursed ring of wizardry {unknown}
Scrolls
 e - a scroll of teleportation {unknown}
 g - a scroll of random uselessness {unknown}
 j - a scroll of blinking {unknown}
Potions
 h - a potion of resistance {unknown}


   Skills:
 - Level 1.7 Fighting
 - Level 3.2 Throwing
 - Level 2.1 Dodging
 - Level 1.5 Stealth
 - Level 3.0 Unarmed Combat
 + Level 2.4 Hexes


You had 2 spell levels left.
You didn't know any spells.
Your spell library was empty.

Dungeon Overview and Level Annotations

Branches:
Dungeon (2/15)

Altars:


Innate Abilities, Weirdness & Mutations

Your natural rate of healing is unusually fast.
You have razor-sharp teeth.
You have supernaturally acute eyesight. (SInv)
You can survive without breathing.


Message History

You hit the worker ant.
The worker ant is poisoned.
The worker ant is moderately wounded.
The worker ant barely misses you.
You hit the worker ant.
The worker ant looks as sick as possible!
The worker ant is severely wounded.
The worker ant bites you but does no damage.
You closely miss the worker ant.
The worker ant is almost dead.
You kill the worker ant!
Training target 3.0 for Unarmed Combat reached!
Your Unarmed Combat skill increases to level 3!
You need to enable at least one skill for training.
Your Hexes skill gained 2 levels and is now at level 2!
You have reached level 3!
Your experience leads to an increase in your attributes!
Increase (S)trength, (I)ntelligence, or (D)exterity?
You feel stronger.
If you were bloodless you could now transform into a vampire bat.
Are you sure you want to abandon this character and quit the game? (Confirm with "yes".)

...####........
#/..........##
#..###)†###.# # #..#
#†# # #..###.## .#
###.#..##.r.#######.
..).................
####.#####...#####.#
#. #..†@.####.#.# #
#.....<.....#
#.....####†##
##.†.## ..# #####
.#.# .##.# .# .# .#
# ##


You could see a quokka.

Vanquished Creatures
  A worker ant (D:2)
  2 oozes
  A dart slug (D:2)
  4 bats (D:1)
  A giant cockroach (D:2)
  A goblin (D:1)
  2 hobgoblins
  A quokka (D:2)
  2 frilled lizards (D:2)
  2 kobolds (D:1)
  2 rats
19 creatures vanquished.

Notes
Turn   | Place    | Note
-------+----------+-------------------------------------------
     0 | D:1      | sahdkjhfkaj the Vampire Hunter began the quest for the Orb.
     0 | D:1      | Reached XP level 1. HP: 16/16 MP: 1/1
   295 | D:1      | Reached skill level 1 in Unarmed Combat
   366 | D:1      | Reached XP level 2. HP: 22/22 MP: 2/2
   876 | D:2      | Reached XP level 3. HP: 27/27 MP: 3/3
   876 | D:2      | Quit the game

Illustrated notes

Levels and vault maps discovered:
D:1:      nicolae_arrival_somewhat_less_tricky_arrival, layout_basic
D:2:      layout_loops_ring, serial_forest, infiniplex_forest_lined_corner,
          infiniplex_forest_clump_diagonal, infiniplex_forest_diagonal,
          infiniplex_forest_clump_large, infiniplex_forest_lined_corner,
          infiniplex_forest_diagonal, infiniplex_forest_straight_4,
          minmay_heptomino_h4

Skill      XL: |  1  2 |
---------------+-------+-----
Unarmed Combat | 1 3 |  3.0
Hexes          | 2 |  2.4
Fighting       | |  1.7
Throwing       | |  3.2
Dodging        | |  2.1
Stealth        | |  1.5

Action                   || total
-------------------------++-------
Melee: Short sword       ||    39
       Punch             ||     1
       Bite              ||     1
Throw: Javelin           ||     2
       Throwing net      ||     1
 Stab: Sleeping          ||     2
Armor: Leather armour    ||    18
Dodge: Dodged            ||    29
